 Dungeon Crawl Stone Soup version 0.25-a0-1130-g3926558f3a (webtiles) character file.

Game seed: 16532330167123438619, levelgen mode: deterministic

1635 MisterFreud the Nimble (level 8, -9/56 HPs)
             Began as an Octopode Gladiator on May 19, 2020.
             Was a Follower of Cheibriados.
             Mangled by Menkaure (22 damage)
             ... on level 5 of the Dungeon.
             The game lasted 00:09:04 (7169 turns).

MisterFreud the Nimble (Octopode Gladiator)         Turns: 7169, Time: 00:09:04

Health: -9/56      AC:  2    Str: 16    XL:     8   Next: 98%
Magic:  8/8        EV: 19    Int: 16    God:    Cheibriados [*.....]
Gold:   245        SH:  0    Dex: 16    Spells: 7/7 levels left

rFire    . . .     SeeInvis .   a - +0 long sword
rCold    . . .     Gourm    .   (no shield)
rNeg     . . .     Faith    .   w - +1 hat
rPois    .         Spirit   .   n - amulet of magic regeneration
rElec    .         Reflect  .   (no ring)
rCorr    .         Harm     .   (no ring)
MR       .....                  (no ring)
Stlth    ++........             (no ring)
HPRegen  0.18/turn              (no ring)
MPRegen  0.36/turn              (no ring)
                                (no ring)
                                (no ring)

@: very slow
A: almost no armour, stealthy swim, amphibious, 8 rings, constrict 8, camouflage
1, gelatinous body 1
a: Bend Time, Renounce Religion


You were on level 5 of the Dungeon.
You worshipped Cheibriados.
Cheibriados was aware of your devotion.
You were not hungry.

You visited 2 branches of the dungeon, and saw 6 of its levels.
You also visited: Ossuary.

You collected 245 gold pieces.

Inventory:

Hand Weapons
 a - a +0 long sword (weapon)
Missiles
 c - 4 throwing nets (quivered)
Armour
 b - a +0 hat
 w - a +1 hat (worn)
Jewellery
 n - an amulet of magic regeneration (around mantle)
Wands
 i - a wand of iceblast (6)
Scrolls
 e - 3 scrolls of magic mapping
 f - a scroll of brand weapon {unknown}
 g - 3 scrolls of teleportation
 m - 5 scrolls of remove curse
 o - a scroll of identify
 s - a scroll of amnesia {unknown}
Potions
 h - 2 potions of curing
 j - a potion of might {unknown}
 k - a potion of lignification
 l - 2 potions of berserk rage {unknown}
 p - a potion of mutation {unknown}
 q - 2 potions of heal wounds
 r - a potion of resistance {unknown}
 t - 2 potions of magic {unknown}
 u - a potion of flight {unknown}
 v - a potion of invisibility {unknown}
Comestibles
 d - 10 rations


   Skills:
 + Level 5.4 Fighting
 + Level 7.1 Long Blades
 - Level 2.0 Throwing
 - Level 8.0 Dodging


You had 7 spell levels left.
You didn't know any spells.
Your spell library was empty.

Dungeon Overview and Level Annotations

Branches:
Dungeon (5/15)             Temple (1/1) D:4         Ossuary (visited)

Altars:
Ashenzari
Cheibriados
Fedhas
Hepliaklqana
Makhleb
Nemelex Xobeh
Okawaru
Qazlal
Ru
Sif Muna
Trog
Uskayaw
Vehumet
Wu Jian
Xom

Shops:
D:4 (

Annotations:
D:5 Menkaure


Innate Abilities, Weirdness & Mutations

You cannot wear most types of armour.
You are very stealthy in the water. (Stealth+)
You are amphibious.
You can wear up to eight rings at the same time.
You can use your tentacles to constrict eight enemies at once.
Your skin changes colour to match your surroundings (Stealth+).
Your rubbery body absorbs attacks. (AC +1, EV +1)


Message History

Menkaure calls on the powers of darkness!
Your body is wracked with pain!
You hit the killer bee zombie.
The killer bee zombie is severely damaged.
You constrict the killer bee zombie. The killer bee zombie hits you.
The killer bee zombie hits you!
* * * LOW HITPOINT WARNING * * *
You hit the killer bee zombie.
The killer bee zombie is almost destroyed.
You constrict the killer bee zombie.
You destroy the killer bee zombie!
Cheibriados thoroughly appreciates the change of pace.
Cheibriados raises the support of your attributes as your movement slows.
Menkaure casts a spell at you. Pain shoots through your body!
* * * LOW HITPOINT WARNING * * *
You hit Menkaure. You grab Menkaure.
Menkaure is moderately damaged.
You constrict Menkaure. Menkaure hits you!!
You die...

... ### #.### ...#...#
#.#.#...##########
........).......>#
...#...########.#######
#...# #........
#.###...# #........
.......@# #........
.......M...# #........
...?........# #........
..........#.# #........
..........+...##........
...?......#.###.........
###########.# #.........
...# #......... #..#
#..##.#'##


You could see Menkaure.

Vanquished Creatures
  Grinder (D:5)
  Eustachio (D:5)
  2 ice beasts
  An ogre (D:5)
  A water moccasin zombie (Ossuary)
  2 crimson imps (D:5)
  2 centaur zombies (Ossuary)
  A bullfrog zombie (D:5)
  An orc priest (D:5)
  A hound (D:4)
  2 orc wizards (D:5)
  6 worker ants
  2 killer bee zombies
  A hound zombie (Ossuary)
  A hound skeleton (D:4)
  A howler monkey zombie (Ossuary)
  15 mummies (Ossuary)
  4 worker ant zombies (Ossuary)
  4 gnolls
  2 adders
  4 oozes
  5 adder zombies (Ossuary)
  4 worms
  A dart slug (D:3)
  3 leopard geckos
  17 orcs
  3 ball pythons
  5 giant cockroaches
  5 goblins
  7 hobgoblins
  12 jackals
  12 kobolds
  2 quokkas (D:5)
  A ball python zombie (Ossuary)
  8 bats
  5 frilled lizards
  A giant cockroach zombie (D:2)
  3 quokka zombies (Ossuary)
  14 rats
163 creatures vanquished.

Vanquished Creatures (others)
  5 withered plants (Ossuary)
5 creatures vanquished.

Grand Total: 168 creatures vanquished

Notes
Turn   | Place    | Note
-------+----------+-------------------------------------------
     0 | D:1      | MisterFreud the Octopode Gladiator began the quest for the
                  | Orb.
     0 | D:1      | Reached XP level 1. HP: 14/14 MP: 1/1
    44 | D:1      | Reached XP level 2. HP: 20/20 MP: 2/2
   394 | D:1      | Reached XP level 3. HP: 20/26 MP: 3/3
  1063 | D:2      | Found a bloodstained altar of Trog.
  1706 | D:2      | Reached XP level 4. HP: 33/33 MP: 4/4
  1826 | D:2      | Found a sparkling altar of Nemelex Xobeh.
  1828 | D:2      | Found a shimmering blue altar of Sif Muna.
  2217 | D:3      | Found a sacrificial altar of Ru.
  2853 | D:3      | Reached XP level 5. HP: 35/37 MP: 5/5
  3204 | D:4      | Noticed an ice beast
  3218 | D:4      | Found a sand-covered staircase.
  3243 | Ossuary  | Entered an ossuary
  3507 | Ossuary  | Reached skill level 5 in Long Blades
  3652 | Ossuary  | Reached XP level 6. HP: 38/43 MP: 6/6
  4042 | Ossuary  | Reached skill level 4 in Dodging
  4042 | Ossuary  | Reached XP level 7. HP: 26/48 MP: 7/7
  4312 | Ossuary  | Reached skill level 5 in Dodging
  4727 | D:4      | Found a staircase to the Ecumenical Temple.
  4744 | D:4      | Reached skill level 6 in Dodging
  4747 | Temple   | Entered the Ecumenical Temple
  5166 | Temple   | Became a worshipper of Cheibriados the Contemplative
  5694 | D:4      | Reached skill level 7 in Dodging
  5694 | D:4      | Reached XP level 8. HP: 54/54 MP: 8/8
  5750 | D:4      | Found Mepsis's Antique Weapon Shoppe.
  5899 | D:4      | You fall into a shaft and drop 1 floor!
  5899 | D:5      | Entered Level 5 of the Dungeon
  5929 | D:4      | Found a shimmering altar of Xom.
  5996 | D:5      | Noticed Eustachio
  5999 | D:5      | Noticed Grinder
  6003 | D:5      | Killed Eustachio
  6009 | D:5      | Reached * piety under Cheibriados
  6010 | D:5      | Killed Grinder
  6010 | D:5      | Reached skill level 8 in Dodging
  6017 | D:5      | HP: 2/54 [orc/+2 short sword of protection (5)]
  6508 | D:5      | Reached skill level 5 in Fighting
  6534 | D:5      | Found a stormy altar of Qazlal.
  7162 | D:5      | Noticed Menkaure
  7169 | D:5      | Mangled by Menkaure

Illustrated notes

Levels and vault maps discovered:
D:1:      zelgadis_glass_arrival_small, layout_loops_ring,
          chequers_serial_rivers_room_b, minmay_misc_feat_tower
D:2:      layout_basic, chequers_temple_overflow_statue_of_worship,
          first_ration, trog_book
D:3:      layout_basic, overflow_temple_1_default, minmay_misc_feat_roman,
          minmay_misc_feat_cross, kennysheep_generic_room_4
D:4:      kennysheep_spiral_hall, layout_basic, nicolae_overflow_hidden_temple,
          minmay_temple_entry_junction, serial_shops, nicolae_shop_statue_plus,
          enter_ossuary_5, uniq_ijyb, uniq_natasha
D:5:      layout_basic, grunt_qazlal_clouds, basic_altar, serial_shops,
          nicolae_shop_behind_doors, uniq_menkaure, uniq_eustachio, uniq_grinder
Temple:   compressed_dpeg_triangle_lava_temple

Skill      XL: |  1  2  3  4  5  6  7  8 |
---------------+-------------------------+-----
Fighting       | 3 4 5 |  5.4
Long Blades    | 4 5 6 7 |  7.1
Dodging        | 4 7 8 |  8.0
Throwing       | |  2.0

Action                   |  1- 3 |  4- 6 |  7- 9 || total
-------------------------+-------+-------+-------++-------
Melee: Long sword        |    72 |   131 |   166 ||   369
       Constrict         |    30 |    40 |    49 ||   119
       Tentacles         |    18 |    36 |    41 ||    95
  Use: Scroll            |       |     1 |     6 ||     7
       Potion            |       |       |     3 ||     3
 Stab: Sleeping          |     6 |     2 |     2 ||    10
       Distracted        |       |       |     1 ||     1
  Eat: Chunk             |     2 |     5 |     4 ||    11
       Ration            |       |     1 |     1 ||     2
Armor: Skin              |     4 |     6 |    14 ||    24
Dodge: Dodged            |    54 |    79 |   127 ||   260
       Rpst.: Long sword |    16 |    30 |    41 ||    87

Table legend:
 A = Non-vault XP
 B = Vault XP
 C = Vault XP percentage of total XP
 D = Non-vault monster count
 E = Vault monster count
 F = Vault count percentage of total count
                 A         B        C        D         E       F
            +---------+---------+-------+---------+---------+-------
      Total |    1229 |    1107 |  47.4 |     126 |      37 |  22.7
            +---------+---------+-------+---------+---------+-------
        D:1 |      56 |       0 |   0.0 |      33 |       0 |   0.0
        D:2 |      43 |       0 |   0.0 |      24 |       0 |   0.0
        D:3 |      76 |       2 |   2.6 |      24 |       1 |   4.0
        D:4 |     412 |       0 |   0.0 |      20 |       0 |   0.0
        D:5 |     590 |     466 |  44.1 |      22 |       2 |   8.3
     Temple |      52 |       0 |   0.0 |       3 |       0 |   0.0
    Ossuary |       0 |     639 | 100.0 |       0 |      34 | 100.0
            +---------+---------+-------+---------+---------+-------
